 Dungeon Crawl Stone Soup version 0.29.0-11-gd7f09526c8 (webtiles) character file.

Game seed: 14409939213263139688

48044 sanka the Grappler (level 14, -2/151 HPs)
             Began as a Grey Draconian Transmuter on Sept 4, 2022.
             Was a High Priest of Elyvilon.
             Slain by a seven-headed hydra simulacrum (5 damage)
             ... in an ice cave.
             The game lasted 00:55:19 (18834 turns).

sanka the Grappler (Grey Draconian Transmuter)     Turns: 18834, Time: 00:55:20

Health: -2/151     AC: 19    Str: 15    XL:     14   Next: 10%
Magic:  19/27      EV: 17    Int: 17    God:    Elyvilon [*****.]
Gold:   282        SH:  0    Dex: 16    Spells: 8/25 levels left

rFire   x . .      SeeInvis .     - Unarmed
rCold   + + .      Faith    .   (shield currently unavailable)
rNeg    . . .      Spirit   .   (body armour unavailable)
rPois   .          Reflect  .   (helmet restricted)
rElec   .          Harm     .   y - +2 cloak
rCorr   .          Rampage  .   (gloves currently unavailable)
Will    +....                   j - +2 pair of boots
Stlth   +.........              a - amulet of Vodka {Acrobat +Blink Regen+}
HPRegen 1.15/turn               N - ring of the Leaf {Fly Dex+5}
MPRegen 0.20/turn               K - ring of ice

@: divinely vigorous, blade hands, flying
A: flying, AC +13, amphibious, unfitting armour, cold-blooded, big wings, cold
resistance 1
a: End Transformation, Renounce Religion, Evoke Blink, Purification, Heal Other,
Heal Self, Divine Vigour


You were in an ice cave.
You worshipped Elyvilon.
Elyvilon was extremely pleased with you.
You had blades for hands.
You visited 2 branches of the dungeon, and saw 16 of its levels.
You also visited: Ice Cave.

You collected 1044 gold pieces.
You spent 762 gold pieces at shops.


Innate Abilities, Weirdness & Mutations

You have blades for hands.
You are flying.
Your spellcasting is less reliable in this form.
You are incapable of wielding weapons or throwing items.
Your dull iron-grey scales are very hard. (AC +13)
You are amphibious.
You cannot fit into any form of body armour.
You are cold-blooded and may be slowed by cold attacks.
Your large and strong wings let you fly.
Your flesh is cold resistant. (rC+)


   Skills:
 - Level 12.0 Fighting
 + Level 9.4 Dodging
 + Level 14.3 Unarmed Combat
 - Level 6.0 Spellcasting
 - Level 10.0 Transmutations
 - Level 3.0 Ice Magic
 - Level 2.0 Poison Magic
 + Level 7.1 Invocations
 - Level 5.0 Evocations


You had 8 spell levels left.
You knew the following spells:

 Your Spells              Type           Power      Damage    Failure   Level
c - Ice Form              Ice/Tmut       40%        N/A       43%         4
u - Poisonous Vapours     Pois/Air       16%        N/A       52%         2
v - Blade Hands           Tmut           19%        N/A       36%         5
x - Spider Form           Tmut/Pois      25%        N/A       26%         3
y - Wereblood             Tmut           39%        N/A       10%         2
z - Beastly Appendage     Tmut           78%        N/A       9%          1

Your spell library contained the following spells:

 Spells                   Type           Power      Damage    Failure   Level
 Sting                    Tmut/Pois      100%       1d8       16%         1
 Ignite Poison            Fire/Tmut/Pois 18%        N/A       41%         3
 Ensorcelled Hibernation  Hex/Ice        30%        N/A       47%         2
 Frozen Ramparts          Ice            44%        1d7       47%         3
 Apportation              Tloc           10%        N/A       52%         1
 Necrotise                Necr           20%        1d5       52%         1
 Summon Small Mammal      Summ           20%        N/A       52%         1
 Blink                    Tloc           10%        N/A       61%         2
 Static Discharge         Conj/Air       5%         3-4/arc   61%         2
 Mephitic Cloud           Conj/Pois/Air  7%         N/A       73%         3
 Conjure Flame            Conj/Fire      5%         6-21      78%         3
 Portal Projectile        Hex/Tloc       10%        N/A       78%         3
 Tukima's Dance           Hex            5%         N/A       78%         3
 Olgreb's Toxic Radiance  Pois           11%        N/A       87%         4
 Summon Ice Beast         Ice/Summ       15%        N/A       90%         4
 Anguish                  Hex/Necr       2%         N/A       97%         4
 Dispel Undead            Necr           5%         3d7       97%         4
 Fulminant Prism          Conj/Hex       2%         3d6       97%         4
 Iskenderun's Mystic Bla  Conj/Tloc      5%         2d3       97%         4
 Sticky Flame             Conj/Fire      5%         2d3       97%         4
 Freezing Cloud           Conj/Ice/Air   6%         6-21      99%         5
 Statue Form              Tmut/Erth      14%        N/A       99%         6
 Fireball                 Conj/Fire      2%         3d4       100%        5
 Iskenderun's Battlesphe  Conj           5%         2d6       100%        5
 Lee's Rapid Deconstruct  Erth           2%         3d6*      100%        5
 Manifold Assault         Tloc           5%         N/A       100%        5
 Conjure Ball Lightning   Conj/Air       2%         3x3d6     100%        6
 Iron Shot                Conj/Erth      2%         9d2       100%        6
 Orb of Destruction       Conj           2%         9d5       100%        7
 Storm Form               Tmut/Air       11%        N/A       100%        7
 Shatter                  Erth           2%         3d6*      100%        9

Inventory:

Hand Weapons
 b - the +11 arbalest of Qiohim {elec, Int+4} Any ammunition fired from it occasionally discharges a powerful burst of electricity upon striking a foe. Int: It affects your intelligence (+4).
Missiles
 I - 3 throwing nets {=f}
Armour
 j - a +2 pair of boots (worn)
 y - a +2 cloak (worn)
Jewellery
 a - the amulet of Vodka (around neck) {Acrobat +Blink Regen+}

   [amulet of the acrobat]

   It increases your evasion while moving and waiting.
   +Blink:    It lets you blink.
   Regen:     It increases your rate of health regeneration.
 x - a ring of willpower
 A - a ring of willpower
 K - a ring of ice (right blade hand)
 N - the ring of the Leaf (left blade hand) {Fly Dex+5}

   [ring of flight]

   Dex:       It affects your dexterity (+5).
   Fly:       It grants you flight.
 Q - a +6 ring of intelligence
 S - a ring of wizardry
Wands
 o - a wand of polymorph (3)
 q - a wand of charming (6)
 r - a wand of roots (17)
 t - a wand of flame (16)
 P - a wand of light (2)
Scrolls
 d - 5 scrolls of vulnerability {!r}
 h - 7 scrolls of amnesia
 i - 2 scrolls of fear
 m - 3 scrolls of teleportation {@r4}
 p - 3 scrolls of enchant weapon
 s - a scroll of noise {!r}
 v - 2 scrolls of poison {!r}
 C - a scroll of magic mapping
 D - 3 scrolls of immolation {!r}
 G - a scroll of butterflies
Potions
 c - 7 potions of flight
 g - 5 potions of curing {@q1}
 k - 3 potions of lignification {!q}
 l - a potion of resistance
 n - a potion of mutation {!q}
 u - 7 potions of heal wounds {@q2}
 w - 3 potions of attraction {!q}
 B - 2 potions of ambrosia
 E - 6 potions of might
 J - a potion of invisibility
 R - a potion of brilliance
 T - a potion of haste {@q3}
 V - 2 potions of cancellation
Miscellaneous
 L - a phantom mirror
 O - a tin of tremorstones (1/2)

Dungeon Overview and Level Annotations

Branches:
Dungeon (15/15)            Temple (1/1) D:5            Lair (0/5) D:9
    Orc (0/2) D:11         Vaults (0/5) D:14          IceCv (1/1)
 Depths: D:15

Altars:
Ashenzari
Cheibriados
Dithmenos
Elyvilon
Fedhas
Gozag
Hepliaklqana
Kikubaaqudgha
Makhleb
Nemelex Xobeh
Okawaru
Qazlal
Ru
Sif Muna
Trog
Uskayaw
Vehumet
Wu Jian
Xom
Yredelemnul
Zin
The Shining One

Shops:
D:3 !   D:7 !   D:13 !([:=

Annotations:
D:10 2 runed translucent doors
D:11 exclusion: downstairs

▒▒▒▒▒▒▒ ▒▒▒▒▒
▒.....▒▒ ▒..[£[
▒......▒▒▒.....£
▒.......▒.......
▒.∩..W.Zd.......
▒...Z..Z▒.......
▒......▒▒▒.....[
▒#....▒▒ ▒..[£(
▒▒▒▒▒▒▒ ▒▒▒▒▒


You could see a freezing wraith, a seven-headed hydra simulacrum, a golden
dragon simulacrum and a caustic shrike simulacrum.


Message History

The seven-headed hydra simulacrum barely misses you.
The seven-headed hydra simulacrum bites you but does no damage.
The seven-headed hydra simulacrum misses you.
The seven-headed hydra simulacrum closely misses you.
The seven-headed hydra simulacrum barely misses you.
The seven-headed hydra simulacrum barely misses you.
Unknown command.
Unknown command.
Your hands turn into razor-sharp scythe blades.
The seven-headed hydra simulacrum bites you.
* * * LOW HITPOINT WARNING * * *
The seven-headed hydra simulacrum freezes you!
You resist.
* * * LOW HITPOINT WARNING * * *
The seven-headed hydra simulacrum bites you.
* * * LOW HITPOINT WARNING * * *
The seven-headed hydra simulacrum freezes you!
You resist.
* * * LOW HITPOINT WARNING * * *
The seven-headed hydra simulacrum bites you.
* * * LOW HITPOINT WARNING * * *
The seven-headed hydra simulacrum freezes you!
You resist.
* * * LOW HITPOINT WARNING * * *
The seven-headed hydra simulacrum barely misses you.
The seven-headed hydra simulacrum bites you.
Elyvilon protects you from harm!
The seven-headed hydra simulacrum freezes you.
You resist.
You die...

Action                   |  1- 3 |  4- 6 |  7- 9 | 10-12 | 13-15 || total
-------------------------+-------+-------+-------+-------+-------++-------
Melee: Unarmed           |   122 |   138 |   286 |   563 |   222 ||  1331
       Tailslap          |    14 |     4 |    13 |    70 |    41 ||   142
       Kick              |    16 |       |       |       |       ||    16
       Headbutt          |    16 |       |       |       |       ||    16
       Punch             |     1 |       |     8 |    36 |    29 ||    74
 Fire: Arbalest          |       |       |       |     4 |       ||     4
 Cast: Beastly Appendage |    23 |       |       |       |       ||    23
       Wereblood         |     1 |       |     5 |    17 |     3 ||    26
       Spider Form       |     1 |    15 |    37 |    19 |       ||    72
       Poisonous Vapours |       |       |     2 |       |       ||     2
       Blade Hands       |       |       |       |    43 |    32 ||    75
Invok: Heal Self         |       |       |       |     5 |     3 ||     8
       Divine Vigour     |       |       |       |       |     1 ||     1
 Abil: End Transformatio |       |       |       |     1 |       ||     1
Evoke: Wand              |       |       |       |    12 |    24 ||    36
       Tin of tremorston |       |       |       |       |     1 ||     1
  Use: Potion            |     5 |       |     4 |       |     2 ||    11
       Scroll            |     3 |     3 |       |     7 |    11 ||    24
 Stab: Distracted        |       |       |       |     1 |       ||     1
       Invisible         |       |       |       |     1 |       ||     1
Armor: Skin              |    35 |    25 |   110 |   169 |   115 ||   454
Dodge: Dodged            |    68 |    87 |   218 |   367 |   216 ||   956

Levels and vault maps discovered:
D:1:      dpeg_arrival_prison, layout_loops_corners,
          shapermc_ecumenical_altar_pompeii, minmay_pentomino_o4
D:2:      layout_basic, uniq_sigmund
D:3:      layout_loops_ring, marbit_many_paths, serial_shops,
          nicolae_shop_advertising_works [nicolae_subvault_shop_adworks],
          grunt_ministairs_8, reono_crystal_passage
D:4:      layout_gridville
D:5:      layout_gridville, minmay_temple_entry_junction
D:6:      kennysheep_big_flooded_room, layout_basic, dreamdust_mushroom_princess
D:7:      minmay_blocky_corners, layout_rooms, grunt_temple_overflow_holy_war,
          lemuel_tele_altar, serial_shops, kennysheep_mini_moat
D:8:      layout_rooms, hellmonk_ghost_big_iron, uniq_maggie
D:9:      layout_roguey, erik_lair_dragon, uniq_harold, uniq_maurice
D:10:     minmay_the_grid_triangle_9x9_recursive_2
          [minmay_the_grid_triangle_9x9_prize_insulated,
          minmay_the_grid_triangle_9x9_flanged_cone,
          minmay_the_grid_triangle_9x9_alien,
          minmay_the_grid_triangle_9x9_tough_junction], layout_long_grid,
          pdpol_temple_overflow_zin_treasury_gozag_greed, uniq_erolcha,
          uniq_psyche
D:11:     layout_loops_ring, hiddenorc2_lemuel
D:12:     layout_long_grid, uniq_kirke
D:13:     layout_cave_pools, serial_shops, shop_fountains,
          nicolae_shop_statue_plus, nicolae_inconvenience_store, shop,
          nicolae_shop_stone, serial_column_ruins, column_ruins_hut,
          column_ruins_hut_ruined, column_ruins_open_tiny,
          column_ruins_open_tiny, column_ruins_columns_plus,
          column_ruins_grid_2, column_ruins_open_tiny, column_ruins_open_small,
          drop_trap, elves_outpost_lemuel
D:14:     layout_irregular_city, david_vaults_1, nicolae_splish_splash
D:15:     hangedman_depths_entry_civil_slaughter, layout_long_grid,
          nicolae_ru_awakened_eye, portal_ice_cave_entry_dragon, laboratory,
          uniq_louise
Temple:   nicolae_temple_elliptical
IceCv:    ice_cave_statue_garden_chambered

Notes
Turn   | Place    | Note
-------+----------+-------------------------------------------
     0 | D:1      | sanka the Draconian Transmuter began the quest for the Orb.
     0 | D:1      | Reached XP level 1. HP: 16/16 MP: 3/3
   309 | D:1      | Reached XP level 2. HP: 23/23 MP: 3/5
   336 | D:1      | Learned a level 2 spell: Wereblood
   402 | D:1      | Reached skill level 1 in Poison Magic
   777 | D:1      | Reached skill level 3 in Transmutations
   807 | D:1      | Reached XP level 3. HP: 23/28 MP: 4/6
  1039 | D:1      | Found a faded altar of an unknown god.
  1709 | D:2      | Learned a level 3 spell: Spider Form
  1945 | D:2      | Reached skill level 2 in Poison Magic
  2276 | D:2      | Noticed Sigmund
  2296 | D:2      | Gained mutation: Your large and strong wings let you fly.
                  | [potion of mutation]
  2296 | D:2      | Gained mutation: Your flesh is cold resistant. (rC+)
                  | [potion of mutation]
  2363 | D:2      | Identified the amulet of Vodka {Acrobat +Blink Regen+}
  2831 | D:2      | Killed Sigmund
  2832 | D:2      | Reached skill level 5 in Transmutations
  2832 | D:2      | Reached XP level 4. HP: 12/35 MP: 4/7
  2832 | D:2      | Reached XP level 5. HP: 14/40 MP: 4/8
  3155 | D:3      | Learned a level 2 spell: Poisonous Vapours
  3436 | D:3      | Found Juaxyic's Distillery.
  3444 | D:3      | Bought a potion of lignification for 30 gold pieces
  3444 | D:3      | Bought a potion of curing for 30 gold pieces
  3444 | D:3      | Bought a potion of resistance for 100 gold pieces
  3444 | D:3      | Bought a potion of degeneration for 10 gold pieces
  3780 | D:3      | Found a broken altar of Ashenzari.
  3908 | D:4      | Reached skill level 6 in Transmutations
  3908 | D:4      | Reached XP level 6. HP: 44/47 MP: 2/9
  4177 | D:4      | Reached skill level 2 in Fighting
  4238 | D:4      | Reached skill level 4 in Unarmed Combat
  4650 | D:4      | Your scales start taking on a dull iron-grey colour.
  4650 | D:4      | Reached XP level 7. HP: 37/56 MP: 6/10
  4800 | D:4      | Reached skill level 3 in Fighting
  4919 | D:4      | Reached skill level 5 in Unarmed Combat
  5346 | D:5      | Entered Level 5 of the Dungeon
  5386 | D:5      | Found a staircase to the Ecumenical Temple.
  5515 | Temple   | Entered the Ecumenical Temple
  5685 | Temple   | Became a worshipper of Elyvilon the Healer
  5721 | D:5      | Reached skill level 4 in Fighting
  5721 | D:5      | Reached skill level 6 in Unarmed Combat
  5903 | D:5      | Reached XP level 8. HP: 59/67 MP: 8/11
  6064 | D:5      | Reached * piety under Elyvilon
  6797 | D:6      | Noticed a cyclops
  6847 | D:6      | Killed a cyclops
  6848 | D:6      | Reached skill level 5 in Fighting
  6848 | D:6      | Reached skill level 7 in Unarmed Combat
  6981 | D:6      | Reached skill level 8 in Unarmed Combat
  7071 | D:6      | Reached ** piety under Elyvilon
  7128 | D:6      | Reached skill level 6 in Fighting
  7655 | D:6      | Reached XP level 9. HP: 72/75 MP: 5/12
  7662 | D:6      | Reached skill level 9 in Unarmed Combat
  8040 | D:7      | Identified +0 steam dragon scales
  8131 | D:7      | Found Fatushrocsa's Distillery.
  8134 | D:7      | Bought a potion of heal wounds for 70 gold pieces
  8134 | D:7      | Bought 2 potions of heal wounds for 140 gold pieces
  8134 | D:7      | Bought a potion of lignification for 42 gold pieces
  8168 | D:7      | Found a basalt altar of Yredelemnul.
  8170 | D:7      | Noticed a profane servitor
  8401 | D:7      | Reached skill level 10 in Unarmed Combat
  8461 | D:7      | Noticed a brown ugly thing
  8522 | D:6      | Killed a brown ugly thing
  8523 | D:6      | Reached skill level 2 in Dodging
  8523 | D:6      | Reached skill level 1 in Invocations
  8554 | D:6      | Killed an unseen horror
  8555 | D:6      | Reached skill level 2 in Invocations
  8663 | D:7      | Learned a level 4 spell: Ice Form
  8709 | D:7      | Found a glowing golden altar of the Shining One.
  8712 | D:7      | Noticed an angel
  8747 | D:7      | Found an ornate altar of the Wu Jian Council.
  8764 | D:7      | Reached skill level 3 in Dodging
  8953 | D:7      | Reached skill level 1 in Ice Magic
  8953 | D:7      | Reached skill level 3 in Invocations
  8968 | D:7      | Reached XP level 10. HP: 48/84 MP: 7/13
  9027 | D:8      | Reached skill level 7 in Fighting
  9027 | D:8      | Reached skill level 11 in Unarmed Combat
  9056 | D:8      | Noticed Hyawatha's ghost (novice DrAr)
  9085 | D:8      | Found a runed translucent door.
  9135 | D:8      | Reached *** piety under Elyvilon
  9331 | D:8      | Reached skill level 2 in Ice Magic
  9592 | D:8      | Identified +0 swamp dragon scales
  9592 | D:8      | Noticed Maggie
  9603 | D:8      | Noticed Maggie
  9603 | D:8      | Maggie changed into Maggie the tengu
  9608 | D:8      | Noticed Maggie
  9608 | D:8      | Maggie the tengu changed into Maggie the fire bat
  9614 | D:8      | Killed Maggie the fire bat
  9872 | D:8      | Killed Hyawatha's ghost
  9873 | D:8      | Reached skill level 4 in Invocations
  9919 | D:8      | Got Pud Voasiwi's Handbook of the Ground
  9964 | D:9      | Noticed Maurice
  9977 | D:9      | Noticed Harold
 10007 | D:8      | Killed Maurice
 10008 | D:8      | Reached skill level 4 in Dodging
 10065 | D:9      | Reached skill level 3 in Ice Magic
 10135 | D:9      | Reached skill level 7 in Transmutations
 10176 | D:9      | Reached skill level 3 in Spellcasting
 10347 | D:9      | Reached skill level 4 in Spellcasting
 10459 | D:9      | Learned a level 5 spell: Blade Hands
 10669 | D:9      | Identified the +11 arbalest of Qiohim {elec, Int+4}
 10735 | D:9      | Killed Harold
 10736 | D:9      | Reached XP level 11. HP: 92/92 MP: 16/18
 10914 | D:9      | Reached skill level 5 in Spellcasting
 11002 | D:9      | Reached skill level 8 in Transmutations
 11135 | D:9      | Found a staircase to the Lair.
 11234 | D:10     | Entered Level 10 of the Dungeon
 11234 | D:10     | Noticed Erolcha
 11240 | D:10     | Killed Erolcha
 11334 | D:10     | Noticed a two-headed ogre
 11485 | D:10     | Reached **** piety under Elyvilon
 11506 | D:10     | Found a runed translucent door.
 11506 | D:10     | Found a runed translucent door.
 11506 | D:10     | Noticed a centaur warrior
 11506 | D:10     | Noticed a centaur warrior
 11543 | D:10     | Reached skill level 9 in Transmutations
 11638 | D:10     | Killed a two-headed ogre
 11639 | D:10     | Reached skill level 6 in Spellcasting
 11742 | D:10     | Found an opulent altar of Gozag.
 11798 | D:10     | Found a glowing silver altar of Zin.
 11856 | D:10     | Reached skill level 10 in Transmutations
 11966 | D:10     | Noticed Psyche
 11976 | D:10     | Killed Psyche
 12334 | D:10     | Noticed a six-headed hydra
 12334 | D:10     | Noticed a boulder beetle
 12334 | D:10     | Noticed a deep elf pyromancer
 12335 | D:10     | Noticed a centaur warrior
 12562 | D:10     | Killed a centaur warrior
 12563 | D:10     | Reached skill level 8 in Fighting
 12563 | D:10     | Reached skill level 5 in Invocations
 12588 | D:10     | Killed a deep elf pyromancer
 12618 | D:10     | Reached skill level 5 in Dodging
 12655 | D:10     | Identified the +4 quarterstaff of the Final Chapter
                  | {vorpal, rC- rN+ Int+6}
 12774 | D:10     | Identified the ring of the Leaf {Fly Dex+5}
 12788 | D:10     | Reached XP level 12. HP: 102/102 MP: 16/21
 13140 | D:11     | Reached skill level 12 in Unarmed Combat
 13185 | D:11     | Found a staircase to the Orcish Mines.
 13278 | D:11     | Noticed a two-headed ogre
 13284 | D:11     | Killed a two-headed ogre
 13416 | D:11     | Reached skill level 6 in Invocations
 13539 | D:11     | Noticed a two-headed ogre
 13546 | D:11     | Killed a two-headed ogre
 13644 | D:11     | Reached skill level 1 in Evocations
 13978 | D:12     | Reached skill level 9 in Fighting
 14003 | D:11     | HP: 10/104 [skeletal warrior/+0 mace (18)]
 14012 | D:11     | Reached skill level 6 in Dodging
 14012 | D:11     | Reached skill level 2 in Evocations
 14359 | D:12     | Noticed a two-headed ogre
 14388 | D:12     | Killed a two-headed ogre
 14569 | D:12     | Reached skill level 3 in Evocations
 14669 | D:12     | Noticed Kirke
 14717 | D:12     | Killed Kirke
 14868 | D:11     | Reached skill level 4 in Evocations
 14947 | D:12     | Reached ***** piety under Elyvilon
 14996 | D:12     | Reached skill level 10 in Fighting
 15134 | D:12     | Reached skill level 7 in Dodging
 15413 | D:13     | Noticed a centaur warrior
 15416 | D:13     | Identified the +4 whip of Evisceration {antimagic, Will+}
 15417 | D:13     | Noticed a five-headed hydra
 15419 | D:13     | Noticed a five-headed hydra
 15427 | D:12     | Killed a centaur warrior
 15517 | D:13     | Noticed a boulder beetle
 15558 | D:12     | Killed a boulder beetle
 15559 | D:12     | Reached XP level 13. HP: 113/113 MP: 15/22
 15638 | D:13     | Reached skill level 13 in Unarmed Combat
 15716 | D:13     | Reached skill level 5 in Evocations
 16011 | D:13     | Found Pihyaq's Antique Weapon Shop.
 16183 | D:13     | Reached skill level 8 in Dodging
 16184 | D:13     | Reached skill level 11 in Fighting
 16290 | D:13     | Found Sacsyud's Distillery.
 16298 | D:13     | Bought a potion of attraction for 51 gold pieces
 16298 | D:13     | Bought a potion of might for 68 gold pieces
 16298 | D:13     | Bought a potion of haste for 170 gold pieces
 16298 | D:13     | Bought a potion of lignification for 51 gold pieces
 16412 | D:13     | Found Imyt's Jewellery Boutique.
 16480 | D:13     | Found Peijofump's Book Shop.
 16482 | D:13     | Found Ceeroufu's Antique Armour Shop.
 16787 | D:13     | Found Peijofump's Book Shop.
 16787 | D:13     | Found Ceeroufu's Antique Armour Shop.
 16814 | D:13     | Found Imyt's Jewellery Boutique.
 16918 | D:13     | Found Sacsyud's Distillery.
 16960 | D:13     | Found Pihyaq's Antique Weapon Shop.
 17710 | D:14     | Found a gate to the Vaults.
 18266 | D:14     | Reached skill level 14 in Unarmed Combat
 18399 | D:15     | Entered Level 15 of the Dungeon
 18554 | D:15     | Found a sacrificial altar of Ru.
 18566 | D:15     | Noticed an ettin
 18611 | D:15     | Killed an ettin
 18612 | D:15     | Reached skill level 9 in Dodging
 18663 | D:15     | Reached skill level 12 in Fighting
 18712 | D:15     | Reached XP level 14. HP: 115/126 MP: 15/23
 18731 | D:15     | Reached skill level 7 in Invocations
 18739 | D:15     | Found a frozen archway.
 18795 | IceCv    | Entered an ice cave
 18824 | IceCv    | HP: 15/151 [seven-headed hydra simulacrum (9)]
 18824 | IceCv    | HP: 6/151 [seven-headed hydra simulacrum (9)]
 18828 | IceCv    | HP: 2/151 [caustic shrike simulacrum (16)]
 18834 | IceCv    | HP: 15/151 [seven-headed hydra simulacrum (5)]
 18834 | IceCv    | HP: 3/151 [seven-headed hydra simulacrum (12)]
 18834 | IceCv    | Elyvilon protects you from harm!
 18834 | IceCv    | Slain by a seven-headed hydra simulacrum

Vanquished Creatures
  Kirke (D:12)
  An ettin (D:15)
  An ice dragon (D:15)
  2 boulder beetles
  An ogre mage (D:15)
  Harold (D:9)
  Erolcha (D:10)
  3 hydras
  A caustic shrike simulacrum (IceCv)
  3 centaur warriors
  7 two-headed ogres
  A merfolk aquamancer (D:14)
  A tengu warrior (D:15)
  5 skeletal warriors
  A deep troll (D:15)
  A wizard (D:14)
  8 deep elf pyromancers
  5 deep elf zephyrmancers (D:13)
  The ghost of Hyawatha the Ducker, a novice DrAr of Nemelex Xobeh (D:8)
  An orc sorcerer (D:14)
  An orc knight (D:14)
  A manticore (D:12)
  6 cyclopes
  2 ugly things
  Maurice (D:8)
  3 water nymphs (D:14)
  A gargoyle (D:13)
  An unseen horror (D:6)
  Psyche (D:10)
  An anaconda simulacrum (IceCv)
  4 tengu conjurers
  2 efreet
  2 kobold demonologists
  3 komodo dragons (D:9)
  5 trolls
  A hornet (D:10)
  5 shadows
  A vampire (D:10)
  Sigmund (D:2)
  2 culicivoras (shapeshifter)
  A dire elephant simulacrum (IceCv)
  20 yaks
  A water elemental (D:13)
  4 wraiths
  2 wyverns
  A ynoxinul (D:8)
  A fire bat (D:8)
  4 steam dragons
  4 hogs (D:12)
  9 vampire mosquitoes
  2 acid dragons
  3 sky beasts
  9 orc warriors
  An ettin simulacrum (IceCv)
  An ice beast (D:6)
  5 ogres
  9 centaurs
  3 phantoms
  A kobold brigand (D:8)
  A bullfrog (D:9)
  2 necrophages
  2 gnoll sergeants
  A scorpion (D:5)
  14 wights
  A lindwurm simulacrum (IceCv)
  8 howler monkeys
  An electric eel (D:13)
  8 hounds
  2 jellies (D:7)
  5 orc priests
  3 iguanas
  A gnoll bouda (D:6)
  10 orc wizards
  12 gnolls
  7 adders
  A shadow imp (D:6)
  3 white imps (D:5)
  An ufetubus (D:5)
  2 dart slugs (D:3)
  62 orcs
  7 endoplasms
  6 giant cockroaches
  7 goblins
  8 hobgoblins
  11 jackals
  13 kobolds
  4 quokkas
  5 ball pythons
  3 bats
  3 frilled lizards
  6 rats
391 creatures vanquished.

Vanquished Creatures (others)
  A dire elephant simulacrum (IceCv)
  A hydra simulacrum (IceCv)
  An electric eel (D:14)
  A centaur simulacrum (D:10)
  3 plants (D:8)
7 creatures vanquished.

Grand Total: 398 creatures vanquished
